SAAA
PLYMOUTH ROCKS @ PHOENIX HOTSPUR RESERVES
08/25/2034
 
TOP OF THE 1ST
Plymouth Rocks batting - Pitching for Phoenix Hotspur Reserves : LHP José Santiago
Pitching: LHP José Santiago
Batting: RHB Sidney Mackell 0-0: Fly out, F4 (Popup, 4)
Batting: RHB Cosmo Bjorkenheim 0-0: Ball
1-0: Ground out 6-3 (Groundball, 6)
Batting: RHB Ernesto Trevino 0-0: Called Strike
0-1: SINGLE (Flyball, 8LS)
Batting: SHB Javier Vega 0-0: Foul Ball, location: 2F
0-1: Foul Ball, location: 2F
0-2: 2-RUN HOME RUN (Flyball, 7D), Distance : 375 ft
Batting: LHB Lance Antle 0-0: Ball
1-0: Foul Ball, location: 2F
1-1: Called Strike
1-2: Ball
2-2: Ball
3-2: Foul Ball, location: 2F
3-2: Ground out 6-3 (Groundball, 6S)
Top of the 1st over - 2 runs, 2 hits, 0 errors, 0 left on base; Plymouth 2 - Phoenix 0
BOTTOM OF THE 1ST
Phoenix Hotspur Reserves batting - Pitching for Plymouth Rocks : RHP Ricardo Suárez
Pitching: RHP Ricardo Suárez
Batting: LHB Jason DeGeorge 0-0: Ball
1-0: Ball
2-0: Called Strike
2-1: Ball
3-1: SINGLE (Groundball, 34D)
Batting: RHB Jim Justice 0-0: Ball
1-0: Ball
2-0: Foul Ball, location: 2F
2-1: Called Strike
2-2: Ball
3-2: Foul Ball, location: 2F
3-2: Fly out, F8 (Flyball, 8LXD)
Batting: LHB Mare Riseley 0-0: Called Strike
0-1: Ball
1-1: Ball
2-1: Foul Ball, location: 2F
2-2: Ball
3-2: Base on Balls
Jason DeGeorge to second
Batting: RHB Hieronymus Bosch 0-0: Fly out, F8 (Flyball, 8LD)
Runner from 2nd tags up, SAFE at 3rd, no throw
Batting: RHB Carl Tucker 0-0: Called Strike
0-1: Ball
1-1: SINGLE (Line Drive, 78S)
Jason DeGeorge scores
Mare Riseley to second
Runner from 2nd tries for 3rd, SAFE, no throw
Batting: RHB Solomon Norment 0-0: Ball
1-0: Called Strike
1-1: Ball
2-1: Ground out 1-3 (Groundball, P)
Bottom of the 1st over - 1 run, 2 hits, 0 errors, 2 left on base; Plymouth 2 - Phoenix 1
TOP OF THE 2ND
Plymouth Rocks batting - Pitching for Phoenix Hotspur Reserves : LHP José Santiago
Batting: LHB Octávio Ontiveros 0-0: Ground out U3 (Groundball, 3S)
Batting: LHB Jeff Lawson 0-0: Ball
1-0: Reached on error, E3 (Groundball, 3)
Batting: RHB Kazu Hishida 0-0: Ball
1-0: Called Strike
1-1: Called Strike
1-2: Ball
2-2: Ball
3-2: Foul Ball, location: 2F
3-2: Ground out 6-3 (Groundball, 6)
Jeff Lawson to second
Batting: LHB Dae-ik Park 0-0: Ball
1-0: Foul Ball, location: 2F
1-1: Fly out, F8 (Flyball, 8RM)
Top of the 2nd over - 0 runs, 0 hits, 1 error, 1 left on base; Plymouth 2 - Phoenix 1
BOTTOM OF THE 2ND
Phoenix Hotspur Reserves batting - Pitching for Plymouth Rocks : RHP Ricardo Suárez
Batting: RHB Bernardo Rivera 0-0: Foul Ball, location: 2F
0-1: Foul Ball, location: 2F
0-2: Ball
1-2: Ball
2-2: Strikes out swinging
Batting: RHB Germán Alfaro 0-0: Ball
1-0: Foul Ball, location: 2F
1-1: SINGLE (Groundball, 4) (infield hit)
Batting: RHB Satoshi Terada 0-0: Called Strike
Germán Alfaro steals 2nd base
0-1: Ground out 5-3 (Groundball, 56)
Batting: LHB Jason DeGeorge 0-0: Ball
1-0: Ball
2-0: Ball
3-0: Base on Balls
Batting: RHB Jim Justice 0-0: Foul Ball, location: 2F
0-1: Ball
1-1: Fielders Choice at 2nd, 5-4 (Groundball, 56)
Bottom of the 2nd over - 0 runs, 1 hit, 0 errors, 2 left on base; Plymouth 2 - Phoenix 1
TOP OF THE 3RD
Plymouth Rocks batting - Pitching for Phoenix Hotspur Reserves : LHP José Santiago
Batting: RHB Sidney Mackell 0-0: Ball
1-0: SINGLE (Line Drive, 6MD)
Batting: RHB Cosmo Bjorkenheim 0-0: Ball
1-0: SINGLE (Groundball, 6MD)
Sidney Mackell to second
Runner from 2nd tries for 3rd, SAFE, no throw
Batting: RHB Ernesto Trevino 0-0: Ball
1-0: SINGLE (Line Drive, 4M)
Sidney Mackell scores
Cosmo Bjorkenheim to second
Batting: SHB Javier Vega 0-0: Ball
1-0: Foul Ball, location: 2F
1-1: Called Strike
1-2: Ball
2-2: Strikes out swinging
Batting: LHB Lance Antle 0-0: Ball
1-0: Fly out, F4 (Line Drive, 34)
Batting: LHB Octávio Ontiveros 0-0: SINGLE (Line Drive, 4MD)
Cosmo Bjorkenheim to third
Ernesto Trevino to second
Runner from 3rd tries for Home, SAFE, no throw
Batting: LHB Jeff Lawson 0-0: Ground out 1-3 (Groundball, 13)
Top of the 3rd over - 2 runs, 4 hits, 0 errors, 2 left on base; Plymouth 4 - Phoenix 1
BOTTOM OF THE 3RD
Phoenix Hotspur Reserves batting - Pitching for Plymouth Rocks : RHP Ricardo Suárez
Batting: LHB Mare Riseley 0-0: Ball
1-0: Foul Ball, location: 2F
1-1: Ball
2-1: Foul Ball, location: 2F
2-2: Foul Ball, location: 2F
2-2: DOUBLE (Flyball, 78D)
Batting: RHB Hieronymus Bosch 0-0: Called Strike
0-1: Swinging Strike
0-2: Foul Ball, location: 2F
0-2: Ball
1-2: Fly out, F7 (Flyball, 78D)
Batting: RHB Carl Tucker 0-0: Foul Ball, location: 2F
0-1: Foul Ball, location: 2F
0-2: Ball
1-2: Ball
2-2: Foul Ball, location: 2F
2-2: Fly out, F9 (Flyball, 9LD)
Runner from 2nd tags up, SAFE at 3rd, no throw
Batting: RHB Solomon Norment 0-0: Ball
1-0: Ball
2-0: Called Strike
2-1: Ball
3-1: Called Strike
3-2: Ground out 4-3 (Groundball, 4M)
Bottom of the 3rd over - 0 runs, 1 hit, 0 errors, 1 left on base; Plymouth 4 - Phoenix 1
TOP OF THE 4TH
Plymouth Rocks batting - Pitching for Phoenix Hotspur Reserves : LHP José Santiago
Batting: RHB Kazu Hishida 0-0: Ground out 5-3 (Groundball, 5)
Batting: LHB Dae-ik Park 0-0: Foul Ball, location: 2F
0-1: Ball
1-1: Ground out U3 (Groundball, 34S)
Batting: RHB Sidney Mackell 0-0: Called Strike
0-1: Ball
1-1: Foul Ball, location: 2F
1-2: Ball
2-2: Foul Ball, location: 2F
2-2: Ball
3-2: Ground out 4-3 (Groundball, 4M)
Top of the 4th over - 0 runs, 0 hits, 0 errors, 0 left on base; Plymouth 4 - Phoenix 1
BOTTOM OF THE 4TH
Phoenix Hotspur Reserves batting - Pitching for Plymouth Rocks : RHP Ricardo Suárez
Batting: RHB Bernardo Rivera 0-0: Ball
1-0: SINGLE (Groundball, 4D)
Batting: RHB Germán Alfaro 0-0: Ball
1-0: Grounds into double play, 5-4-3 (Groundball, 5)
Batting: RHB Satoshi Terada 0-0: Called Strike
0-1: Called Strike
0-2: Foul Ball, location: 2F
0-2: Ball
1-2: Ground out 5-3 (Groundball, 56)
Bottom of the 4th over - 0 runs, 1 hit, 0 errors, 0 left on base; Plymouth 4 - Phoenix 1
TOP OF THE 5TH
Plymouth Rocks batting - Pitching for Phoenix Hotspur Reserves : LHP José Santiago
Batting: RHB Cosmo Bjorkenheim 0-0: Ground out 5-3 (Groundball, 56S)
Batting: RHB Ernesto Trevino 0-0: Called Strike
0-1: Foul Ball, location: 2F
0-2: Ground out 6-3 (Groundball, 6M)
Batting: SHB Javier Vega 0-0: SINGLE (Line Drive, 9LS)
Batting: LHB Lance Antle 0-0: Foul Ball, location: 2F
0-1: Ball
1-1: Ball
2-1: Ball
3-1: Swinging Strike
3-2: Strikes out swinging
Top of the 5th over - 0 runs, 1 hit, 0 errors, 1 left on base; Plymouth 4 - Phoenix 1
BOTTOM OF THE 5TH
Phoenix Hotspur Reserves batting - Pitching for Plymouth Rocks : RHP Ricardo Suárez
Batting: LHB Jason DeGeorge 0-0: Fly out, F7 (Flyball, 7D)
Batting: RHB Jim Justice 0-0: Called Strike
0-1: Fly out, F8 (Flyball, 78S)
Batting: LHB Mare Riseley 0-0: Ball
1-0: Ball
2-0: Ball
3-0: Called Strike
3-1: Called Strike
3-2: Strikes out swinging
Bottom of the 5th over - 0 runs, 0 hits, 0 errors, 0 left on base; Plymouth 4 - Phoenix 1
TOP OF THE 6TH
Plymouth Rocks batting - Pitching for Phoenix Hotspur Reserves : LHP José Santiago
Batting: LHB Octávio Ontiveros 0-0: Ball
1-0: Ball
2-0: Called Strike
2-1: Called Strike
2-2: Strikes out swinging
Batting: LHB Jeff Lawson 0-0: Called Strike
0-1: Foul Ball, location: 2F
0-2: Ball
1-2: Fly out, F8 (Line Drive, 8RS)
Batting: RHB Kazu Hishida 0-0: Called Strike
0-1: SINGLE (Groundball, 34D)
Batting: LHB Dae-ik Park 0-0: Called Strike
0-1: Ball
1-1: Foul Ball, location: 2F
1-2: Ball
2-2: Foul Ball, location: 2F
2-2: Fly out, F9 (Flyball, 89D)
Top of the 6th over - 0 runs, 1 hit, 0 errors, 1 left on base; Plymouth 4 - Phoenix 1
BOTTOM OF THE 6TH
Phoenix Hotspur Reserves batting - Pitching for Plymouth Rocks : RHP Ricardo Suárez
Batting: RHB Hieronymus Bosch 0-0: Foul Ball, location: 2F
0-1: Fly out, F7 (Flyball, 7S)
Batting: RHB Carl Tucker 0-0: Ball
1-0: Foul Ball, location: 2F
1-1: Ball
2-1: Called Strike
2-2: Ball
3-2: Ground out 4-3 (Groundball, 4)
Batting: RHB Solomon Norment 0-0: Ball
1-0: Swinging Strike
1-1: Ground out 5-3 (Groundball, 5S)
Bottom of the 6th over - 0 runs, 0 hits, 0 errors, 0 left on base; Plymouth 4 - Phoenix 1
TOP OF THE 7TH
Plymouth Rocks batting - Pitching for Phoenix Hotspur Reserves : LHP José Santiago
Batting: RHB Sidney Mackell 0-0: Ball
1-0: Reached on error, E4 (Groundball, 4)
Batting: RHB Cosmo Bjorkenheim 0-0: Ball
1-0: Ball
Sidney Mackell is caught stealing 2nd base
2-0: Ball
3-0: Called Strike
3-1: Base on Balls
Batting: RHB Ernesto Trevino 0-0: Foul Ball, location: 2F
0-1: Ball
1-1: Fly out, F5 (Line Drive, 5S)
Batting: SHB Javier Vega 0-0: Ball
1-0: Ball
2-0: Ball
3-0: Called Strike
3-1: Foul Ball, location: 2F
3-2: SINGLE (Groundball, 6MD)
Cosmo Bjorkenheim to second
Cosmo Bjorkenheim to third
Batting: LHB Lance Antle 0-0: Ball
1-0: Fly out, F7 (Flyball, 7)
Top of the 7th over - 0 runs, 1 hit, 1 error, 2 left on base; Plymouth 4 - Phoenix 1
BOTTOM OF THE 7TH
Phoenix Hotspur Reserves batting - Pitching for Plymouth Rocks : RHP Ricardo Suárez
Batting: RHB Bernardo Rivera 0-0: Ball
1-0: SINGLE (Flyball, 7S)
Batting: RHB Germán Alfaro 0-0: Ball
1-0: Ball
2-0: Foul Ball, location: 2F
2-1: Called Strike
2-2: Strikes out swinging
Batting: RHB Satoshi Terada 0-0: Ball
1-0: Called Strike
1-1: Ball
2-1: Called Strike
2-2: Ball
3-2: Fly out, F1 (Line Drive, 13)
Lined into DP, 1-3 (Line Drive, 13)
Bottom of the 7th over - 0 runs, 1 hit, 0 errors, 0 left on base; Plymouth 4 - Phoenix 1
TOP OF THE 8TH
Plymouth Rocks batting - Pitching for Phoenix Hotspur Reserves : LHP José Santiago
Batting: LHB Octávio Ontiveros 0-0: Called Strike
0-1: Ground out 6-3 (Groundball, 6M)
Batting: LHB Jeff Lawson 0-0: Called Strike
0-1: Ball
1-1: Ball
2-1: Fly out, F7 (Flyball, 7LSF)
Batting: RHB Kazu Hishida 0-0: Ball
1-0: Ground out 4-3 (Groundball, 4)
Top of the 8th over - 0 runs, 0 hits, 0 errors, 0 left on base; Plymouth 4 - Phoenix 1
BOTTOM OF THE 8TH
Phoenix Hotspur Reserves batting - Pitching for Plymouth Rocks : RHP Ricardo Suárez
Batting: LHB Jason DeGeorge 0-0: Ball
1-0: Ball
2-0: Ball
3-0: Base on Balls
Batting: RHB Jim Justice 0-0: Called Strike
0-1: Ball
1-1: Ball
2-1: Foul Ball, location: 2F
2-2: Ball
3-2: Base on Balls
Jason DeGeorge to second
Batting: LHB Mare Riseley 0-0: Foul Ball, location: 2F
0-1: Fly out, F7 (Flyball, 7D)
Runner from 2nd tags up, SAFE at 3rd, no throw
Batting: RHB Hieronymus Bosch 0-0: Ball
1-0: Ground out 6-3 (Groundball, 6S)
Jason DeGeorge scores
Jim Justice to second
Pitching: LHP Kyu-cheol P'yo
Batting: RHB Carl Tucker 0-0: Called Strike
0-1: Ground out 1-3 (Groundball, 13S)
Bottom of the 8th over - 1 run, 0 hits, 0 errors, 1 left on base; Plymouth 4 - Phoenix 2
TOP OF THE 9TH
Plymouth Rocks batting - Pitching for Phoenix Hotspur Reserves : LHP José Santiago
Batting: LHB Dae-ik Park 0-0: Called Strike
0-1: Ball
1-1: Ball
2-1: Called Strike
2-2: Strikes out swinging
Batting: RHB Sidney Mackell 0-0: Ball
1-0: Ball
2-0: Ground out U3 (Groundball, 34)
Batting: RHB Cosmo Bjorkenheim 0-0: Ball
1-0: Called Strike
1-1: SINGLE (Flyball, 9LS)
Batting: RHB Ernesto Trevino 0-0: SINGLE (Groundball, 34S) (infield hit)
Cosmo Bjorkenheim to second
Pitching: RHP Dennis Dunn
Batting: SHB Javier Vega 0-0: Swinging Strike
0-1: Ball
1-1: Ball
2-1: Ball
3-1: Foul Ball, location: 2F
3-2: Foul Ball, location: 2F
3-2: Base on Balls
Cosmo Bjorkenheim to third
Ernesto Trevino to second
Batting: LHB Lance Antle 0-0: Foul Ball, location: 2F
0-1: Ball
1-1: Swinging Strike
1-2: Ground out U3 (Groundball, 3)
Top of the 9th over - 0 runs, 2 hits, 0 errors, 3 left on base; Plymouth 4 - Phoenix 2
BOTTOM OF THE 9TH
Phoenix Hotspur Reserves batting - Pitching for Plymouth Rocks : LHP Kyu-cheol P'yo
Pitching: RHP Henry Henry
Batting: RHB Solomon Norment 0-0: Ground out 4-3 (Groundball, 4)
Batting: RHB Bernardo Rivera 0-0: Foul Ball, location: 2F
0-1: Foul Ball, location: 2F
0-2: Ball
1-2: Ground out 5-3 (Groundball, 5)
Batting: RHB Germán Alfaro 0-0: Called Strike
0-1: Called Strike
0-2: Ball
1-2: SINGLE (Groundball, 4D)
Pinch Hitting: LHB António Escalante 0-0: Called Strike
0-1: Ball
1-1: Swinging Strike
1-2: Strikes out swinging
Bottom of the 9th over - 0 runs, 1 hit, 0 errors, 1 left on base; Plymouth 4 - Phoenix 2
Friday, March 29th, 2019 - OOTP Baseball 18.8 Build 76